 Dungeon Crawl Stone Soup version 0.26.1-11-gd32895ea62 (webtiles) character file.

Game seed: 9759654529581358437

9317 nothank2 the Thaumaturge (level 11, -10/74 HPs)
             Began as a Purple Draconian Conjurer on June 14, 2021.
             Was a Believer of Sif Muna.
             Mangled by a two-headed ogre
             ... wielding a +0 giant club of flaming
              (26 damage)
             ... in a volcano on June 15, 2021.
             The game lasted 00:48:40 (13959 turns).

nothank2 the Thaumaturge (DrCj)                    Turns: 13959, Time: 00:48:41

Health: -10/74     AC: 12    Str: 11    XL:     11   Next: 21%
Magic:  2/25       EV: 12    Int: 21    God:    Sif Muna [**....]
Gold:   593        SH:  0    Dex:  9    Spells: 15/31 levels left

rFire    . . .     SeeInvis .   z - +4 quarterstaff (chaos)
rCold    . . .     Faith    .   (shield currently unavailable)
rNeg     . . .     Spirit   .   (armour unavailable)
rPois    .         Reflect  .   (helmet restricted)
rElec    .         Harm     .   A - +0 cloak
rCorr    .         Rampage  .   Q - +0 pair of gloves
Will     +....                  y - +2 pair of boots
Stlth    +++.......             F - amulet of the acrobat
HPRegen  0.22/turn              n - +4 ring of slaying
MPRegen  0.19/turn              H - ring of stealth

@: no status effects
A: breathe power, unfitting armour, cold-blooded, AC +7
a: Breathe Dispelling Energy, Renounce Religion, Channel Magic


You were in a volcano.
You worshipped Sif Muna.
Sif Muna was pleased with you.
You visited 3 branches of the dungeon, and saw 13 of its levels.
You also visited: Volcano.

You collected 775 gold pieces.
You spent 182 gold pieces at shops.

Inventory:

Hand Weapons
 a - a +0 dagger
 p - a +2 dagger of protection
 q - a +2 vampiric whip
 z - a +4 quarterstaff of chaos (weapon)
 U - a +0 great mace of flaming
Armour
 t - a +0 pair of gloves
 y - a +2 pair of boots (worn)
 A - a +0 cloak (worn)
 Q - a +0 pair of gloves (worn)
Jewellery
 k - an uncursed amulet of reflection
 n - a +4 ring of slaying (left hand)
 o - an uncursed ring of ice
 v - the ring "Toamaere" {*Tele Slay+2}
   (You bought it in a shop on level 4 of the Dungeon)

   [ring of teleportation]

   It may teleport you next to monsters.
   It affects your accuracy and damage with ranged weapons and melee attacks
   (+2).
 B - an uncursed ring of resist corrosion
 F - an amulet of the acrobat (around neck)
 H - a ring of stealth (right hand)
 N - an uncursed amulet of regeneration
Wands
 r - a wand of iceblast (16)
 D - a wand of flame (36)
 J - a wand of paralysis (17)
 R - a wand of digging (6)
Scrolls
 d - 4 scrolls of teleportation
 e - 5 scrolls of identify
 g - a scroll of noise
 j - a scroll of fear
 l - 7 scrolls of remove curse
 s - 3 scrolls of magic mapping
 w - 2 scrolls of enchant weapon {unknown}
 C - a scroll of blinking
 E - 2 scrolls of enchant armour {unknown}
 G - a scroll of summoning {unknown}
 I - a scroll of vulnerability {unknown}
 O - a scroll of immolation {unknown}
 T - a scroll of silence {unknown}
Potions
 b - a potion of might
 c - 6 potions of heal wounds
 f - 2 potions of resistance
 h - 5 potions of haste
 i - 3 potions of brilliance
 m - 14 potions of degeneration
 u - 2 potions of flight {unknown}
 x - 4 potions of curing
 K - 3 potions of lignification {unknown}
 L - a potion of cancellation {unknown}
 M - 3 potions of mutation {unknown}
 P - 2 potions of attraction {unknown}
 S - a potion of magic {unknown}


   Skills:
 - Level 1.4 Short Blades
 - Level 1.2 Staves
 - Level 1.7 Dodging
 - Level 1.7 Stealth
 - Level 0.3 Shields
 - Level 10.7 Spellcasting
 - Level 10.3 Conjurations
 - Level 5.2 Hexes
 * Level 8.1 Fire Magic
 - Level 4.4 Invocations
 - Level 3.5 Evocations


You had 15 spell levels left.
You knew the following spells:

 Your Spells              Type           Power        Failure   Level
a - Magic Dart            Conj           100%         1%          1
b - Searing Ray           Conj           100%         1%          2
c - Fulminant Prism       Conj/Hex       22%          2%          4
d - Iskenderun's Mystic   Conj/Tloc      32%          7%          4
e - Fireball              Conj/Fire      25%          3%          5

Your spell library contained the following spells:

 Spells                   Type           Power        Failure   Level
 Corona                   Hex            36%          1%          1
 Foxfire                  Conj/Fire      100%         1%          1
 Confusing Touch          Hex            33%          1%          3
 Conjure Flame            Conj/Fire      50%          1%          3
 Dazzling Flash           Conj/Hex       88%          1%          3
 Inner Flame              Hex/Fire       39%          1%          3
 Tukima's Dance           Hex            33%          1%          3
 Sticky Flame             Conj/Fire      50%          1%          4
 Ensorcelled Hibernation  Hex/Ice        44%          3%          2


Dungeon Overview and Level Annotations

Branches:
Dungeon (11/15)            Temple (1/1) D:7            Lair (1/6) D:10
    Orc (0/2) D:9         Volcano (1/1)

Altars:
Cheibriados
Dithmenos
Elyvilon
Fedhas
Gozag
Hepliaklqana
Kikubaaqudgha
Makhleb
Nemelex Xobeh
Okawaru
Qazlal
Ru
Sif Muna
Trog
Uskayaw
Vehumet
Wu Jian
Xom
Yredelemnul
Zin
The Shining One

Shops:
D:4 !!*[(

Annotations:
D:10 exclusion: ice statue


Innate Abilities, Weirdness & Mutations

You can breathe bolts of dispelling energy.
Your rich purple scales are hard. (AC +7)
You cannot fit into any form of body armour.
You are cold-blooded and may be slowed by cold attacks.


Message History

The two-headed ogre is almost dead.
The magic dart hits the two-headed ogre but does no damage.
The two-headed ogre is almost dead.
The two-headed ogre misses you. x2
The ogre mage hits you from afar with a +2 spear of flaming.
The ogre mage burns you.
The ogre mage casts a spell.
The ogre mage blinks!
The magic dart hits the two-headed ogre.
The two-headed ogre is almost dead.
The two-headed ogre hits you with a +0 giant club of flaming!!
The two-headed ogre burns you!
The two-headed ogre hits you with a +0 giant club of flaming!
* * * LOW HITPOINT WARNING * * *
The two-headed ogre burns you.
* * * LOW HITPOINT WARNING * * *
There is a rocky tunnel leading out of this place here.
The two-headed ogre hits you but does no damage.
The two-headed ogre hits you with a +0 giant club of flaming!!
You die...

##....≈≈ ##....§≈≈
#.....≈≈≈
###.....≈≈≈
###O.....O..≈
#####..###.#.....
##.#...###########
##..##O.≈≈≈≈≈#
#.@O....≈≈§≈##
#......≈≈§≈≈#
##..∩..≈≈≈≈##
#≈≈≈..≈≈≈###
#≈≈≈≈≈≈≈##
##§§☼☼### ###☼§#
####


You could see 2 two-headed ogres.

Vanquished Creatures
  A two-headed ogre (Volcano)
  Pikel (D:6)
  A cyclops (D:10)
  A cane toad (Lair:1)
  A troll (D:9)
  Sigmund (D:3)
  A vampire (D:9)
  A wraith (D:10)
  11 yaks
  A soldier ant (shapeshifter) (D:10)
  5 ice beasts
  4 orc warriors
  5 sky beasts
  2 black bears
  A swamp drake (D:9)
  A necrophage (D:10)
  6 ogres
  2 phantoms
  4 centaurs
  5 bullfrogs
  4 scorpions
  5 killer bees (D:10)
  A howler monkey (D:6)
  3 bullfrog zombies
  4 hounds
  A quasit (D:9)
  4 centaur zombies
  A jelly (D:10)
  A centaur skeleton (D:4)
  4 orc priests
  Crazy Yiuf (D:4)
  2 bullfrog skeletons (D:4)
  Jessica (D:3)
  Ijyb (D:3)
  Terence (D:2)
  2 iguanas
  13 orc wizards
  2 worker ants
  2 hound skeletons
  Robin (D:3)
  18 adders
  A shadow imp (D:5)
  4 white imps
  7 ufetubi
  2 oozes (D:1)
  3 adder skeletons (D:4)
  A worm (D:4)
  A dart slug (D:3)
  5 leopard geckos
  43 orcs
  A ball python (D:1)
  9 bats
  5 giant cockroaches
  11 hobgoblins
  2 jackals (D:3)
  5 kobolds
  8 quokkas
  3 frilled lizards
  21 goblins
  12 rats
271 creatures vanquished.

Vanquished Creatures (others)
  12 fulminant prisms
12 creatures vanquished.

Grand Total: 283 creatures vanquished

Notes
Turn   | Place    | Note
-------+----------+-------------------------------------------
     0 | D:1      | nothank2 the Draconian Conjurer began the quest for the
                  | Orb.
     0 | D:1      | Reached XP level 1. HP: 14/14 MP: 3/3
   120 | D:1      | Reached XP level 2. HP: 16/20 MP: 5/5
   831 | D:2      | Learned a level 2 spell: Searing Ray
  1018 | D:2      | Reached skill level 1 in Short Blades
  1018 | D:2      | Reached skill level 5 in Conjurations
  1018 | D:2      | Reached XP level 3. HP: 19/26 MP: 1/6
  1355 | D:2      | Noticed Terence
  1402 | D:2      | Killed Terence
  1403 | D:2      | Reached XP level 4. HP: 21/33 MP: 0/7
  2076 | D:2      | Reached XP level 5. HP: 38/38 MP: 4/9
  2084 | D:2      | Learned a level 4 spell: Fulminant Prism
  2353 | D:2      | Found a hazy altar of Hepliaklqana.
  2388 | D:2      | You fall into a shaft and drop 1 floor!
  2389 | D:3      | Noticed Jessica
  2389 | D:3      | Killed Jessica
  2829 | D:3      | Found an opulent altar of Gozag.
  2849 | D:3      | Reached XP level 6. HP: 45/45 MP: 0/11
  3021 | D:3      | Noticed Ijyb
  3037 | D:3      | Killed Ijyb
  3293 | D:3      | Noticed Robin
  3296 | D:3      | Killed Robin
  3489 | D:3      | Noticed Sigmund
  3583 | D:4      | Found Pohao's Distillery.
  3733 | D:4      | Found Vurem's Distillery.
  3894 | D:4      | Found Likacviy's Assorted Antiques.
  3898 | D:4      | Bought a scorched golden ring for 130 gold pieces
  3898 | D:4      | Bought a scroll labelled JYMAOS WOLI for 26 gold pieces
  3898 | D:4      | Bought a scroll labelled QOCUNOINEXT for 26 gold pieces
  3899 | D:4      | Identified the ring "Toamaere" {*Tele Slay+2} (You bought
                  | it in a shop on level 4 of the Dungeon)
  4048 | D:4      | Found an ornate altar of the Wu Jian Council.
  4052 | D:4      | Found a snail-covered altar of Cheibriados.
  4056 | D:4      | Found a hide-covered altar of Uskayaw.
  4223 | D:4      | Your scales start taking on a rich purple colour.
  4223 | D:4      | Reached skill level 5 in Spellcasting
  4223 | D:4      | Reached XP level 7. HP: 13/50 MP: 1/15
  4714 | D:4      | Learned a level 4 spell: Iskenderun's Mystic Blast
  4877 | D:4      | Found Adestro's Antique Armour Emporium.
  5106 | D:4      | Found Dam Fir's Antique Weapon Shop.
  5556 | D:4      | Found a runed translucent door.
  5557 | D:4      | Noticed Crazy Yiuf
  5563 | D:4      | Killed Crazy Yiuf
  5619 | D:5      | Entered Level 5 of the Dungeon
  5786 | D:5      | Reached XP level 8. HP: 39/57 MP: 12/18
  6162 | D:5      | Found a shimmering altar of Xom.
  6164 | D:5      | Found a basalt altar of Yredelemnul.
  6249 | D:5      | Reached skill level 1 in Staves
  6833 | D:6      | Reached skill level 1 in Hexes
  7432 | D:6      | Reached XP level 9. HP: 62/62 MP: 16/21
  7705 | D:6      | Found a glowing golden altar of the Shining One.
  7763 | D:7      | Found a burning altar of Makhleb.
  7809 | D:7      | Noticed Pikel
  7825 | D:6      | Killed Pikel
  8200 | D:7      | Found a staircase to the Ecumenical Temple.
  8205 | Temple   | Entered the Ecumenical Temple
  8242 | Temple   | Became a worshipper of Sif Muna the Loreminder
  9514 | D:8      | Reached skill level 10 in Spellcasting
  9744 | D:3      | Killed Sigmund
 10045 | D:9      | Reached skill level 10 in Conjurations
 10259 | D:9      | Reached skill level 5 in Hexes
 10281 | D:9      | Reached XP level 10. HP: 69/69 MP: 2/24
 10620 | D:9      | Learned a level 5 spell: Fireball
 10682 | D:9      | Reached * piety under Sif Muna
 10683 | D:9      | Reached skill level 1 in Invocations
 10778 | D:9      | Reached skill level 1 in Evocations
 11086 | D:9      | Reached skill level 1 in Fire Magic
 11570 | D:9      | Found a staircase to the Orcish Mines.
 11736 | D:9      | Found an iron altar of Okawaru.
 11835 | D:10     | Entered Level 10 of the Dungeon
 11842 | D:10     | Reached ** piety under Sif Muna
 12251 | D:10     | Found a staircase to the Lair.
 12547 | D:10     | Reached skill level 5 in Fire Magic
 12821 | D:10     | Noticed a cyclops
 12824 | D:10     | Reached XP level 11. HP: 50/74 MP: 2/25
 13610 | D:11     | Noticed a boulder beetle
 13643 | Lair:1   | Entered Level 1 of the Lair of Beasts
 13690 | Lair:1   | Found a dark tunnel.
 13893 | Volcano  | Entered a volcano
 13915 | Volcano  | Noticed a two-headed ogre
 13921 | Volcano  | Killed a two-headed ogre
 13927 | Volcano  | Noticed a two-headed ogre
 13930 | Volcano  | Noticed a two-headed ogre
 13930 | Volcano  | Noticed a two-headed ogre
 13930 | Volcano  | Noticed an ogre mage
 13959 | Volcano  | Mangled by a two-headed ogre

Illustrated notes

Levels and vault maps discovered:
D:1:      psy_arrival_whirlpool, layout_basic
D:2:      cheibrodos_greedy_goblins, layout_basic, nzn_hepliaklqana_mist_gate,
          uniq_terence
D:3:      layout_rooms, nicolae_gozag_cash_rules_everything_around_me,
          uniq_jessica, uniq_robin, uniq_ijyb, uniq_sigmund
D:4:      minmay_bubble_buster, layout_loops_corners,
          grunt_temple_overflow_diamond, serial_shops,
          nicolae_shop_behind_doors, nicolae_shop_waterfront, shop, shop,
          nicolae_shop_trees, uniq_crazy_yiuf_cottage
D:5:      layout_basic, nicolae_overflow_hidden_temple
D:6:      layout_basic, tso_altar
D:7:      layout_loops_ring, minmay_temple_entry_glassed_door, bloody_makhleb,
          uniq_pikel
D:8:      layout_loops_cross
D:9:      layout_rooms, erik_orc_1, basic_altar, serial_park_tiny_2,
          minmay_misc_feat_secret_circle
D:10:     lemuel_ice_statue, layout_basic, lair_entry_dummy
D:11:     layout_long_grid, elves_outpost_lemuel
Temple:   nicolae_temple_x_marks_the_god
Lair:1:   layout_hall_layers, basic_altar, nicolae_volcano_entry_lava_flow
Volcano:  volcano_pools

Skill      XL: |  1  2  3  4  5  6  7  8  9 10 11 |
---------------+----------------------------------+-----
Short Blades   | 1 |  1.4
Conjurations   | 5 6 7 8 10 | 10.3
Spellcasting   | 3 5 7 8 10 | 10.7
Staves         | 1 |  1.2
Hexes          | 2 5 |  5.2
Invocations    | 4 |  4.4
Evocations     | 3 |  3.5
Fire Magic     | 6 8 |  8.1
Dodging        | |  1.7
Stealth        | |  1.7
Shields        | |  0.3

Action                   |  1- 3 |  4- 6 |  7- 9 | 10-12 || total
-------------------------+-------+-------+-------+-------++-------
Melee: Dagger            |    53 |    77 |     3 |       ||   133
       Tailslap          |     3 |     4 |     1 |       ||     8
       Quarterstaff      |       |       |     9 |     8 ||    17
 Cast: Magic Dart        |    44 |   154 |   234 |   152 ||   584
       Searing Ray       |       |     6 |    40 |    41 ||    87
       Fulminant Prism   |       |       |     4 |     8 ||    12
       Iskenderun's Myst |       |       |     1 |     2 ||     3
       Fireball          |       |       |       |     2 ||     2
  Use: Scroll            |       |     6 |     2 |     3 ||    11
       Potion            |       |       |       |     1 ||     1
 Stab: Sleeping          |     1 |       |       |       ||     1
Armor: Skin              |    17 |    25 |    26 |    28 ||    96
Dodge: Dodged            |    20 |    60 |    41 |    49 ||   170
Block: Other             |     8 |    35 |    18 |    16 ||    77
       Reflection        |       |     1 |     6 |     3 ||    10
